 Dungeon Crawl Stone Soup version 0.23.1 (webtiles) character file.

Game seed: 0

13688 FunkyPutin the Bludgeoner (level 12, -12/73 HPs)
             Began as a Gargoyle Fighter on Mar 6, 2019.
             Was an Elder of the Shining One.
             Killed from afar by Azrael (42 damage)
             ... with damnation
             ... on level 13 of the Dungeon on Mar 7, 2019.
             The game lasted 00:45:28 (9957 turns).

FunkyPutin the Bludgeoner (Gargoyle Fighter)        Turns: 9957, Time: 00:45:29

Health: -12/73     AC: 26    Str: 24    XL:     12   Next: 8%
Magic:  12/12      EV:  9    Int: 10    God:    the Shining One [****..]
Gold:   271        SH: 11    Dex:  9    Spells: 11/11 levels left

rFire    + . .     SeeInvis +   m - +8 morningstar (holy)
rCold    . . .     Gourm    .   c - +0 shield
rNeg     + + +     Faith    .   B - +4 ring mail {rF+}
rPois    ∞         Spirit   .   C - +0 helmet
rElec    +         Reflect  .   L - +0 cloak of Reason {rPois}
rCorr    .         Harm     .   b - +0 pair of gloves
MR       .....                  l - +2 pair of boots
Stlth    ..........             j - amulet of magic regeneration
HPRegen  0.22/turn              u - ring of flight
MPRegen  0.38/turn              I - ring of see invisible

@: glowing
A: negative energy resistance 1, electricity resistance, unbreathing,
petrification resistance, rot immunity, AC +8
a: Divine Shield, Cleansing Flame, Renounce Religion, Evoke Flight


You were on level 13 of the Dungeon.
You worshipped the Shining One.
The Shining One was greatly pleased with you.
You were hungry.

You visited 1 branch of the dungeon, and saw 12 of its levels.
You also visited: Bailey.

You collected 766 gold pieces.
You spent 495 gold pieces at shops.

Inventory:

Hand Weapons
 a - a +0 flail of flaming
 m - a +8 morningstar of holy wrath (weapon)
Armour
 b - a +0 pair of gloves (worn)
 c - a +0 shield (worn)
 e - a cursed +0 plate armour
 l - a +2 pair of boots (worn)
 x - a +0 cloak
 B - a +4 ring mail of fire resistance (worn)
 C - a +0 helmet (worn)
 L - the +0 cloak of Reason (worn) {rPois}
   (You found it on level 13 of the Dungeon)

   It protects you from poison.
Jewellery
 j - an amulet of magic regeneration (around neck)
 u - a ring of flight (left hand)
 I - a ring of see invisible (right hand)
 M - an uncursed ring of teleportation
Wands
 y - a wand of disintegration (28)
 A - a wand of scattershot (7)
 D - a wand of flame (12)
 E - a wand of paralysis (7)
 F - a wand of enslavement (2)
 H - a wand of acid (3)
 J - a wand of iceblast (10)
Scrolls
 o - a scroll of amnesia
 p - 8 scrolls of remove curse
 r - 2 scrolls of teleportation
 G - a scroll of blinking
 K - a scroll of noise {unknown}
Potions
 d - 2 potions of might
 g - 2 potions of haste
 h - a potion of invisibility
 i - a potion of magic
 n - a potion of agility {unknown}
 q - 2 potions of brilliance
 s - 3 potions of curing
 t - a potion of flight {unknown}
 v - a potion of mutation {unknown}
 w - 2 potions of lignification
 z - 3 potions of heal wounds
Miscellaneous
 k - a fan of gales (inert)
Comestibles
 f - 20 rations


   Skills:
 + Level 8.1 Fighting
 * Level 15.1 Maces & Flails
 + Level 7.0 Armour
 + Level 7.8 Shields


You had 11 spell levels left.
You didn't know any spells.
Your spell library contained the following spells:

 Spells                   Type           Power        Failure   Level  Hunger
 Animate Skeleton         Necr           N/A          80%         1    ##.....
 Apportation              Tloc           #.....       80%         1    ##.....
 Confusing Touch          Hex            #.....       80%         1    ##.....
 Summon Small Mammal      Summ           #...         80%         1    ##.....


Dungeon Overview and Level Annotations

Branches:
Dungeon (13/15)            Temple (0/1) D:5
   Lair: D:8-11         Orc: D:9-12      Vaults: D:13-14

Altars:
Ashenzari
Elyvilon
Gozag
Hepliaklqana
Kikubaaqudgha
Makhleb
Nemelex Xobeh
Okawaru
Ru
Vehumet
Wu Jian
Xom
Yredelemnul
The Shining One

Shops:
D:12 =   D:13 !

Annotations:
D:13 Azrael


Innate Abilities, Weirdness & Mutations

You are resistant to torment.
Your stone body is resilient. (AC +8)
You are immune to poison.
You resist negative energy. (rN+)
You are resistant to electric shocks. (rElec)
You can survive without breathing.
You are immune to petrification.
You are immune to rotting.


Message History

The hell hound is almost dead.
The hell hound bites you but does no damage.
You feel better. The hell hound bites you! The hell hound closely misses you.
You hit the hell hound.
The hell hound convulses.
The hell hound is almost dead.
The hell hound bites you.
* * * LOW HITPOINT WARNING * * *
You impale the hell hound!!
You kill the hell hound!
The Shining One accepts your kill.
You feel better.
The centaur shoots an arrow.
You block the arrow.
You impale Azrael!!
Azrael convulses!!
Azrael is heavily wounded.
You block Azrael's attack.
You completely miss Azrael.
Azrael is heavily wounded.
Azrael gestures at you.
The sphere of damnation explodes!
The damnation engulfs you!!!
Ouch! That really hurt!
You die...

#...........# #..##
#########...#
##.... ##..##
##..)..
#...####......
##...##.......
##......)(.(..
###....○..)°○°..
####c......☼.##☼...
#.@Rc(....○°.###...
#...###○.......##
##E. ### #°.......#
##R #○.......# ##
..#......## #
..........# #
#..........# ##
###......... ##.
#..


You could see Azrael and 2 centaurs.

Vanquished Creatures
  A hydra (D:13)
  A catoblepas (D:13)
  4 centaur warriors
  A two-headed ogre (D:13)
  An ugly thing (D:11)
  Joseph (D:8)
  A gargoyle (D:12)
  A kobold demonologist (D:11)
  A hornet (D:11)
  5 trolls
  5 slime creatures (D:13)
  2 hippogriffs
  2 fire elementals (D:13)
  2 wyverns (D:8)
  2 hungry ghosts (D:12)
  A steam dragon (D:11)
  A soldier ant (D:13)
  6 hell hounds (D:13)
  2 black bears (D:7)
  An orc warrior (D:13)
  An ice beast (D:11)
  An eye of draining (D:13)
  A phantom (D:12)
  6 ogres
  7 centaurs
  A crocodile (D:12)
  A big kobold (D:11)
  5 bullfrogs
  A water moccasin zombie (D:11)
  A wyvern zombie (D:11)
  4 wights (D:12)
  6 crimson imps
  A centaur zombie (D:6)
  A howler monkey (D:7)
  2 hounds
  5 orc priests
  2 bullfrog skeletons
  3 jellies
  6 orc wizards
  Terence (D:2)
  4 iguanas
  9 worker ants
  2 worker ant zombies
  15 adders
  8 gnolls
  2 shadow imps
  2 oozes (D:3)
  An adder skeleton (D:4)
  3 worms
  3 dart slugs
  7 leopard geckos
  13 orcs
  9 bats
  5 giant cockroaches
  6 goblins
  8 hobgoblins
  15 jackals
  A quokka (D:8)
  5 frilled lizards
  2 jackal skeletons
  10 kobolds
  10 rats
237 creatures vanquished.

Vanquished Creatures (others)
  A kobold (D:11)
1 creature vanquished.

Grand Total: 238 creatures vanquished

Notes
Turn   | Place    | Note
-------+----------+-------------------------------------------
     0 | D:1      | FunkyPutin the Gargoyle Fighter began the quest for the
                  | Orb.
     0 | D:1      | Reached XP level 1. HP: 14/14 MP: 1/1
   149 | D:1      | Reached XP level 2. HP: 19/19 MP: 2/2
   429 | D:1      | Reached XP level 3. HP: 19/23 MP: 3/3
   943 | D:2      | Reached skill level 3 in Maces & Flails
   968 | D:2      | Found a glowing golden altar of the Shining One.
   993 | D:2      | Reached XP level 4. HP: 28/29 MP: 4/4
  1084 | D:2      | Became a worshipper of the Shining One
  1322 | D:2      | Noticed Terence
  1335 | D:2      | Killed Terence
  1335 | D:2      | Reached XP level 5. HP: 29/33 MP: 5/5
  1576 | D:3      | Reached skill level 4 in Maces & Flails
  1768 | D:3      | Reached XP level 6. HP: 38/38 MP: 6/6
  1797 | D:3      | Found a shattered altar of Ashenzari.
  1965 | D:3      | Found an opulent altar of Gozag.
  2372 | D:4      | Reached skill level 5 in Maces & Flails
  2517 | D:4      | Found an ornate altar of the Wu Jian Council.
  2703 | D:4      | Reached XP level 7. HP: 43/43 MP: 7/7
  2786 | D:4      | Reached skill level 6 in Maces & Flails
  2879 | D:4      | Reached * piety under the Shining One
  3130 | D:5      | Entered Level 5 of the Dungeon
  3173 | D:5      | Found a sparkling altar of Nemelex Xobeh.
  3385 | D:5      | Found a staircase to the Ecumenical Temple.
  3445 | D:5      | Reached skill level 7 in Maces & Flails
  3570 | D:5      | Found a burning altar of Makhleb.
  3570 | D:5      | Noticed a blizzard demon
  4014 | D:6      | Reached XP level 8. HP: 44/48 MP: 8/8
  4292 | D:6      | Reached skill level 8 in Maces & Flails
  4641 | D:7      | Found a shimmering altar of Xom.
  4758 | D:7      | Reached skill level 5 in Shields
  4767 | D:7      | Reached ** piety under the Shining One
  4773 | D:7      | Reached skill level 9 in Maces & Flails
  4774 | D:7      | Found a sacrificial altar of Ru.
  4824 | D:7      | Found a hazy altar of Hepliaklqana.
  4826 | D:7      | Found a white marble altar of Elyvilon.
  4828 | D:7      | Found an iron altar of Okawaru.
  5149 | D:8      | Found an ancient bone altar of Kikubaaqudgha.
  5204 | D:8      | Reached skill level 5 in Fighting
  5204 | D:8      | Reached XP level 9. HP: 54/54 MP: 9/9
  5211 | D:8      | Reached skill level 5 in Armour
  5245 | D:8      | Reached skill level 10 in Maces & Flails
  5504 | D:8      | Found a radiant altar of Vehumet.
  5590 | D:8      | Found a flagged portal.
  5673 | Bailey   | Entered a bailey
  5673 | Bailey   | Noticed an orc knight
  5676 | Bailey   | Noticed an orc knight
  5979 | D:8      | Found a basalt altar of Yredelemnul.
  5991 | D:8      | Noticed Joseph
  6005 | D:8      | Killed Joseph
  6564 | D:9      | You fall through a shaft for 2 floors!
  6566 | D:11     | Noticed a hornet
  6572 | D:11     | Killed a hornet
  6572 | D:11     | Reached skill level 11 in Maces & Flails
  6623 | D:11     | Noticed a green ugly thing
  6629 | D:11     | Killed a green ugly thing
  6705 | D:11     | Reached XP level 10. HP: 60/60 MP: 10/10
  6721 | D:11     | Noticed a kobold demonologist
  6725 | D:11     | Noticed a rust devil
  6726 | D:11     | Noticed a rust devil
  6731 | D:11     | Noticed an orange demon
  6751 | D:11     | Killed a kobold demonologist
  6756 | D:11     | Reached skill level 12 in Maces & Flails
  6960 | D:11     | Got a translucent rapier
  6961 | D:11     | Identified the +6 rapier of FunkyPutin's Terror {venom,
                  | +Fly rN+ Int-3 Stlth+} (You found it on level 11 of the
                  | Dungeon)
  7034 | D:11     | Noticed a centaur warrior
  7049 | D:11     | Killed a centaur warrior
  7469 | D:12     | Reached *** piety under the Shining One
  7472 | D:12     | Noticed a gargoyle
  7523 | D:12     | Killed a gargoyle
  7532 | D:12     | Reached skill level 13 in Maces & Flails
  7745 | D:12     | Found Silen's Jewellery Boutique.
  7895 | D:12     | Reached XP level 11. HP: 66/66 MP: 11/11
  8044 | D:13     | Noticed a centaur warrior
  8352 | D:13     | Noticed a catoblepas
  8352 | D:13     | Noticed a two-headed ogre
  8359 | D:13     | Killed a two-headed ogre
  8367 | D:13     | Killed a catoblepas
  8384 | D:13     | Noticed a five-headed hydra
  8567 | D:13     | Killed a five-headed hydra
  8567 | D:13     | Reached skill level 14 in Maces & Flails
  8728 | D:13     | Killed a centaur warrior
  8732 | D:13     | Noticed a centaur warrior
  9102 | D:13     | Found an ancient bone altar of Kikubaaqudgha.
  9274 | D:13     | Reached **** piety under the Shining One
  9333 | D:13     | Got a faintly glowing cloak
  9344 | D:13     | Identified the +0 cloak of Reason {rPois} (You found it on
                  | level 13 of the Dungeon)
  9390 | D:13     | Noticed a centaur warrior
  9414 | D:13     | Killed a centaur warrior
  9792 | D:13     | Found Seul's Distillery.
  9798 | D:13     | Bought 2 potions of heal wounds for 150 gold pieces
  9798 | D:13     | Bought a potion of might for 60 gold pieces
  9798 | D:13     | Bought a potion of curing for 45 gold pieces
  9798 | D:13     | Bought 2 potions of curing for 90 gold pieces
  9798 | D:13     | Bought a potion of heal wounds for 75 gold pieces
  9798 | D:13     | Bought a potion of heal wounds for 75 gold pieces
  9892 | D:13     | Noticed Azrael
  9936 | D:13     | Killed a centaur warrior
  9936 | D:13     | Reached skill level 15 in Maces & Flails
  9936 | D:13     | Reached XP level 12. HP: 47/73 MP: 12/12
  9957 | D:13     | Killed from afar by Azrael

Skill      XL: |  1  2  3  4  5  6  7  8  9 10 11 12 |
---------------+-------------------------------------+-----
Maces & Flails | 3 4 5 7 9 11 13 15 | 15.1
Shields        | 4 5 6 7 |  7.8
Armour         | 4 5 6 7 |  7.0
Fighting       | 4 5 6 8 |  8.1

Action                   |  1- 3 |  4- 6 |  7- 9 | 10-12 || total
-------------------------+-------+-------+-------+-------++-------
Melee: Flail             |   116 |    57 |       |       ||   173
       Morningstar       |       |   103 |   162 |   253 ||   518
Evoke: Fan of gales      |       |       |       |     1 ||     1
  Use: Scroll            |       |     2 |    11 |     7 ||    20
       Potion            |       |     2 |       |     8 ||    10
  Eat: Chunk             |       |     6 |     6 |     1 ||    13
       Ration            |       |       |     4 |     2 ||     6
Armor: Scale mail        |    79 |    54 |       |       ||   133
       Ring mail         |       |    58 |    62 |   164 ||   284
Dodge: Dodged            |    52 |    66 |    40 |    99 ||   257
Block: Shield            |    90 |    95 |    67 |   152 ||   404
